Selects Airborne Battlegroup
Selects Heavy Machine Gun Paradrop
Selects Smoke Bombing Run
Heavy Machine Gun Paradrop
Heavy Machine Gun Paradrop
Construct Weapon Support Center
Selects Paratrooper Squad Paradrop
Paratrooper Squad Paradrop
Construct Medical Station
Advanced Air Reconnaissance
Selects Anti-tank Gun Team Paradrop
Grasshopper High-Altitude Recon Run
Paratrooper Squad Paradrop
Improved M9 Bazooka Rockets
Grasshopper High-Altitude Recon Run
Selects Carpet Bombing Run
Grasshopper High-Altitude Recon Run
Anti-tank Gun Team Paradrop
Paratrooper Squad Paradrop
Grasshopper High-Altitude Recon Run
Paratrooper Squad Paradrop
Paratrooper Squad Paradrop
Grasshopper High-Altitude Recon Run
M4(105) Sherman Bulldozer
Paratrooper Squad Paradrop